 Dungeon Crawl Stone Soup version 0.30-a0-737-gf23d94013f (webtiles) character file.

Game seed: 7285325265373311863

22 tilp the Shield-Bearer (level 3, -1/46 HPs)
             Began as a Meteoran Fighter on Feb 2, 2023.
             Succumbed to an adder's poison
             ... on level 2 of the Dungeon.
             The game lasted 00:02:08 (366 turns).

tilp the Shield-Bearer (Meteoran Fighter)            Turns: 366, Time: 00:02:09

Health: -1/46      AC: 21    Str: 18    XL:     3   Next: 23%
Magic:  4/4        EV:  2    Int:  9    God:
Gold:   40         SH:  5    Dex: 15    Spells: 2/2 levels left

rFire   . . .      SeeInvis .    a - +0 long sword
rCold   . . .      Faith    .    c - +0 buckler
rNeg    . . .      Spirit   .    (body armour currently unavailable)
rPois   +          Reflect  .    (helmet currently unavailable)
rElec   .          Harm     .    (cloak currently unavailable)
rCorr   .          Rampage  .    (gloves currently unavailable)
Will    .....      NoTele   +    (boots currently unavailable)
Stlth   +                        (no amulet)
HPRegen 0.27/turn                (no ring)
MPRegen 0.09/turn                (no ring)

@: lethally poisoned (-1 -> -4), tree-form, glowing
A: stationary, stasis, torment immunity, boosted hp, sense surroundings 1,
otherworldly, glowing, explore regen
a: no special abilities


You were on level 2 of the Dungeon.
You were a tree.
You visited 1 branch of the dungeon, and saw 2 of its levels.

You collected 40 gold pieces.

Inventory:

Hand Weapons
 a - a +0 long sword (weapon)
Missiles
 e - 4 poisoned darts (quivered)
Armour
 b - a +0 scale mail (melded)
 c - a +0 buckler (worn)
Wands
 f - a wand of flame (15)
Scrolls
 g - a scroll of brand weapon {unknown}
 h - a scroll of enchant armour {unknown}
Potions
 d - a potion of might


   Skills:
 + Level 3.4 Fighting
 * Level 2.9 Long Blades
 + Level 0.4 Throwing
 + Level 3.7 Armour
 * Level 1.2 Dodging
 + Level 0.2 Stealth
 + Level 3.8 Shields


You had 2 spell levels left.
You didn't know any spells.
Your spell library was empty.

Dungeon Overview and Level Annotations

Branches:
Dungeon (2/15) Zot: 812

Altars:


Innate Abilities, Weirdness & Mutations

You are a tree.
Your roots penetrate the ground, keeping you stationary.
You cannot be teleported.
You are immune to unholy pain and torment.
Your maximum health is greatly increased.
Your equipment is partially melded.
You passively map a small area around you.
You are easily found by Zot.
You glow in the dark.
You regain HP and MP as you explore.


Message History

The adder bites you. x2
You are too injured to fight recklessly!
You are too injured to fight recklessly!
You completely miss the adder.
You feel sick. The adder bites you but does no damage. The adder bites you.
You are more poisoned.
The adder poisons you!
You miss the adder.
You feel very sick. The adder bites you.
* * * LOW HITPOINT WARNING * * *
You are lethally poisoned!
The adder poisons you!
You hit the adder.
The adder is lightly wounded.
* * * LOW HITPOINT WARNING * * *
You feel very sick. The adder bites you.
* * * LOW HITPOINT WARNING * * *
You block the adder's attack.
Unknown command.
It was a potion of lignification.
You turn into a tree.
Your +0 scale mail melds into your body.
Your roots penetrate the ground.
* * * LOW HITPOINT WARNING * * *
You feel sick. The adder bites you but does no damage.
Unknown command.
You completely miss the adder.
The adder is lightly wounded.
* * * LOW HITPOINT WARNING * * *
You feel very sick.
The adder bites you but does no damage. x2
You hit the adder but do no damage.
The adder is lightly wounded.
* * * LOW HITPOINT WARNING * * *
You feel sick. The adder bites you but does no damage.
You block the adder's attack.
You barely miss the adder.
The adder is lightly wounded.
You die...

* ##...#.# * ##..#
###...# ,, .....#
##..# ...#.. #.##
..#...# #.##
.......## #..## , ,
........###...# ,
.......S##..#....#,
.......♣...#####...
, .....?.#.### #. ,
* ..#...#### * ####
, , * * , * , * , ,
, ** * ,


You could see an adder.

Vanquished Creatures
  A worm (D:2)
  A dart slug (D:1)
  3 ball pythons (D:2)
  An endoplasm (D:1)
  2 goblins (D:2)
  2 hobgoblins (D:1)
  2 bats
  2 frilled lizards (D:1)
  A kobold (D:2)
  3 rats
18 creatures vanquished.

Notes
Turn   | Place    | Note
-------+----------+-------------------------------------------
     0 | D:1      | tilp the Meteoran Fighter began the quest for the Orb.
     0 | D:1      | Reached XP level 1. HP: 19/19 MP: 2/2
    97 | D:2      | Reached XP level 2. HP: 25/26 MP: 3/3
   114 | D:2      | Reached skill level 1 in Dodging
   219 | D:1      | Reached XP level 3. HP: 18/31 MP: 4/4
   364 | D:2      | HP: 2/46 [poisoned by an adder]
   366 | D:2      | Succumbed to an adder's poison

Illustrated notes

Levels and vault maps discovered:
D:1:      beargit_arrival_greenhouse, layout_loops_corners,
          hangedman_feature_mirror
D:2:      layout_rooms, basic_altar

Skill      XL: |  1  2 |
---------------+-------+-----
Dodging        | 1 |  1.2
Fighting       | |  3.4
Long Blades    | |  2.9
Throwing       | |  0.4
Armour         | |  3.7
Stealth        | |  0.2
Shields        | |  3.8

Action                     || total
---------------------------++-------
  Melee: Long sword        ||    69
    Use: Potion            ||     1
 Armour: Scale mail        ||    43
         Skin              ||     4
  Dodge: Dodged            ||    30
  Block: Buckler           ||    23

Table legend: (Time is in decaauts)
 A = Elapsed time spent in this place.
 B = Non-inter-level travel time spent in this place.
 C = Inter-level travel time spent in this place.
 D = Time resting spent in this place.
 E = Time spent auto-exploring this place.
 F = Levels seen in this place.
 G = Mean time per level.
                   A        B        C        D        E       F      G
               +--------+--------+--------+--------+--------+-----+--------+
         Total |    387 |    346 |     41 |      0 |      0 |   2 |  193.5 |
       Dungeon |    387 |    346 |     41 |      0 |      0 |   2 |  193.5 |
               +--------+--------+--------+--------+--------+-----+--------+

Top non-repeatable levels by time:
     D:2: 210 daAuts
     D:1: 177 daAuts
